AoeStats
← CookieHunter

Arena

509415925Analyzed
2v2 RM · 6d ago on Sep 26, 2026· 45m 33s· 4 players
Game mode
Random Map
Map size
Medium (4 player)
Population
200
Speed
Normal
Resources
Standard
Victory
Conquest
Starting age
Dark Age
Ending age
Imperial Age
RankedLock teamsTeams togetherTeam positionsShared explorationLock speedFull tech treeHidden civsTurbo modeCheats
Victory
Defeat
🇮🇳 Italians · India
823
+16
🇹🇷 Huns · Türkiye
794
+18
🇹🇷 Magyars · Türkiye
831
-17
🇹🇷 Ethiopians · Türkiye
831
-17
CookieHunter
10:28 Feudal Age
9:41 Loom
14:39 Castle Age
13:33 Double-Bit Axe
13:31 Horse Collar
15:37 Bow Saw
19:55 Wheelbarrow
24:20 Hand Cart
32:19 Imperial Age
30:30 Fletching
31:20 Thumb Ring
31:41 Bodkin Arrow
32:10 Ballistics
32:35 Stone Mining
33:06 Bracer
34:10 Chemistry
36:55 Padded Archer Armor
37:13 Fortified Wall
37:15 Masonry
39:46 Squires
39:51 Scale Mail Armor
40:51 Architecture
40:54 Conscription
mag8044
0:35 Loom
11:13 Feudal Age
17:17 Castle Age
15:32 Horse Collar
15:41 Double-Bit Axe
16:23 Stone Mining
16:58 Gold Mining
25:22 Heavy Plow
25:48 Bow Saw
26:33 Gold Shaft Mining
26:57 Wheelbarrow
26:14 Town Watch
28:42 Hand Cart
29:05 Town Patrol
34:01 Imperial Age
33:36 Scale Barding Armor
33:42 Forging
33:23 Fletching
33:34 Padded Archer Armor
33:36 Marauders
34:40 Chain Barding Armor
35:04 Ballistics
35:45 Chemistry
35:14 Parthian Tactics
34:11 Heavy Cavalry Archer
34:59 Thumb Ring
34:57 Husbandry
35:52 Iron Casting
35:36 Bloodlines
35:51 Conscription
35:46 Elite Tarkan
37:03 Leather Archer Armor
36:45 Bodkin Arrow
38:21 Plate Barding Armor
39:34 Blast Furnace
thecal
7:00 Loom
10:17 Feudal Age
14:16 Wheelbarrow
16:05 Castle Age
16:01 Horse Collar
16:09 Double-Bit Axe
16:18 Gold Mining
20:15 Bow Saw
22:20 Heavy Plow
23:10 Pikeman
24:33 Scale Barding Armor
24:28 Scale Mail Armor
29:00 Chain Barding Armor
28:55 Chain Mail Armor
29:47 Wheelbarrow
31:46 Hand Cart
36:09 Imperial Age
35:38 Corvinian Army
36:26 Gold Shaft Mining
37:34 Onager
37:45 Man-at-Arms
40:00 Crop Rotation
40:32 Two-Man Saw
39:12 Elite Magyar Huszar
40:13 Conscription
40:48 Capped Ram
42:15 Onager
44:28 Heavy Scorpion
özürlü31
8:50 Loom
11:14 Feudal Age
15:59 Castle Age
15:31 Wheelbarrow
14:44 Double-Bit Axe
15:45 Stone Mining
19:05 Hand Cart
19:05 Bow Saw
21:54 Horse Collar
23:39 Gold Mining
26:16 Stone Shaft Mining
27:28 Gold Shaft Mining
33:25 Ballistics
33:58 Squires
33:43 Arson
37:38 Imperial Age
35:28 Fletching
35:39 Padded Archer Armor
36:16 Forging
36:12 Scale Barding Armor
36:14 Town Watch
36:42 Masonry
36:35 Bodkin Arrow
36:05 Crossbowman
37:02 Thumb Ring
37:52 Town Patrol
37:58 Heavy Plow
38:51 Conscription
39:12 Iron Casting
39:04 Chain Barding Armor
40:00 Two-Man Saw
38:41 Halberdier
40:37 Chemistry
39:59 Arbalester
44:14 Blast Furnace
43:15 Bracer
43:31 Leather Archer Armor
45:30 Blast Furnace
Connection lost

Rejoining the realm…

Still unreachable

The connection could not be restored.

Session expired

The server has moved on; the page needs a fresh start.